 Dungeon Sprint DCSS version 0.30.1-5-ged363bc7ee (webtiles) character file.

Game seed: 3669067099617941395

5 Heoruswealwe the Conjurer (level 2, 15/15 HPs)
             Began as a Deep Elf Conjurer on Sept 19, 2023.
             Was an Initiate of Gozag.
             Got out of the dungeon alive.
             The game lasted 00:02:02 (102 turns).

Heoruswealwe the Conjurer (Deep Elf Conjurer)        Turns: 102, Time: 00:02:02

Health: 15/15      AC:  2    Str:  4    XL:     2   Next: 58%
Magic:  8/10       EV: 12    Int: 22    God:    Gozag
Gold:   291        SH:  0    Dex: 13    Spells: 11/12 levels left

rFire   . . .        (no weapon)
rCold   . . .        (no shield)
rNeg    . . .        a - +0 robe
rPois   .            (no helmet)
rElec   .            (no cloak)
rCorr   .            (no gloves)
SInv    .            (no boots)
Will    .....        (no amulet)
Stlth   ++           (no ring)
HPRegen 0.22/turn    (no ring)
MPRegen 0.12/turn

%: no teleportation
@: no status effects
A: no striking features
a: Renounce Religion, Potion Petition, Call Merchant, Bribe Branch


You escaped.
You worshipped Gozag.
Gozag was aware of your devotion.
You visited 1 branch You collected 471 gold pieces.
You spent 180 gold pieces at shops.

Inventory:

Armour
 a - a +0 robe (worn)
Jewellery
 l - the amulet of the Enemy {Faith rPois Str+4 SInv}
   (You bought it in a shop in the Dungeon)

   [amulet of faith]

   It allows you to gain divine favour quickly.
   Str:       It affects your strength (+4).
   rPois:     It protects you from poison.
   SInv:      It lets you see invisible.
 m - the amulet "Fouggame" {Spirit Str+3}
   (You bought it in a shop in the Dungeon)

   [amulet of guardian spirit]

   It causes incoming damage to be divided between your reserves of health and
   magic.
   Str:       It affects your strength (+3).
 n - the amulet of Zomothog {Faith Int+2}
   (You bought it in a shop in the Dungeon)

   [amulet of faith]

   It allows you to gain divine favour quickly.
   Int:       It affects your intelligence (+2).
 o - the amulet of Omyuf {Spirit rF+ Int+4}
   (You bought it in a shop in the Dungeon)

   [amulet of guardian spirit]

   It causes incoming damage to be divided between your reserves of health and
   magic.
   Int:       It affects your intelligence (+4).
   rF:        It protects you from fire.
Wands
 i - a wand of acid (3)
 j - a wand of iceblast (4)
Scrolls
 g - 4 scrolls of blinking
 k - 3 scrolls of fog
Potions
 b - 3 potions of magic
 c - a potion of curing
 d - 4 potions of heal wounds
 e - 4 potions of haste
 f - a potion of berserk rage
 h - a potion of resistance


   Skills:
 - Level 2.4 Dodging
 - Level 2.4 Stealth
 + Level 5.7 Spellcasting
 + Level 6.0 Conjurations


You had 11 spell levels left.
You knew the following spells:

 Your Spells              Type           Power      Damage    Failure   Level
a - Magic Dart            Conj           100%       1d8       1%          1

Your spell library contained the following spells:

 Spells                   Type           Power      Damage    Failure   Level
 Searing Ray              Conj           66%        2d6       1%          2
 Dazzling Flash           Conj/Hex       38%        N/A       9%          3
 Fulminant Prism          Conj/Hex       9%         3d7       26%         4
 Iskenderun's Mystic Bla  Conj/Tloc      19%        2d6       26%         4


Dungeon Overview and Level Annotations

Branches:
Dungeon (1/1)

Altars:
Cheibriados
Dithmenos
Fedhas
Gozag
Kikubaaqudgha
Makhleb
Okawaru
Qazlal
Ru
Sif Muna
Trog
Uskayaw
Vehumet
Wu Jian
Xom
Yredelemnul
Zin
The Shining One
Lugonu

Shops:
D *[??*?*:[((!!!!


Message History

Aim: a rat (wandering, hasn't noticed you, 100% to hit)
The magic dart hits the rat!
You kill the rat!
Your Spellcasting skill increases to level 5!
You now have 317 gold pieces (gained 54).
You now have 389 gold pieces (gained 72).
Aiming: Corrosive Bolt
Press: ? - help, Shift-Dir - straight line, f - river rat
Aim: a river rat (68% to hit)
The bolt of acid hits the river rat!
The acid corrodes the river rat!
You kill the river rat!
Your Conjurations skill increases to level 6!
You now have enough gold to petition Gozag for potion effects.
You now have 461 gold pieces (gained 72).
Found Noegukle's Jewellery and Exunobepi's Advanced Armour. 20... 15...
There is an entrance to Noegukle's Jewellery here.
l - the amulet of the Enemy {Faith rPois Str+4 SInv} You no longer have enough gold to petition Gozag for potion effects.
m - the amulet "Fouggame" {Spirit Str+3}
n - the amulet of Zomothog {Faith Int+2}
o - the amulet of Omyuf {Spirit rF+ Int+4} Thank you for shopping at Noegukle's Jewellery! 10... 5... 4... 3... 2... 1...
Time's up!
The arena falls silent.
You now have 5 arena points (gained 5).
You now have 291 gold pieces (gained 10).
Get ready!
ROUND 2!
FIGHT!
A jelly comes into view.
There is a staircase leading out of the dungeon here.
Are you sure you want to leave the Dungeon?
This will make you lose the game!
You have escaped!

#_......._# ###.........###
#§...........⌠#
######J8.........8.######
##.___......###......___∩##
###∩........8.# #.8........∩###
##.............###.............##
#⌠..........###...###..........⌠#
#⌠..........# #.@.# #..........⌠#
#⌠..........###...###..........⌠#
##.............###.............##
###∩........8.# #.8........∩###
##∩___......###......___∩##
######.8.........8.######
#⌠...........⌠# ###.........###
#_........#


You could see a jelly (wandering).

Vanquished Creatures
  2 river rats (D)
  A quokka (D)
  A rat (D)
4 creatures vanquished.

Notes
Turn   | Place    | Note
-------+----------+-------------------------------------------
     0 | D        | Heoruswealwe the Deep Elf Conjurer began the quest for the
                  | Orb.
     0 | D        | Reached XP level 1. HP: 10/10 MP: 6/6
     0 | D        | Found a stormy altar of Qazlal.
     0 | D        | Found a glowing golden altar of the Shining One.
     4 | D        | Found a blossoming altar of Fedhas.
     4 | D        | Found a snail-covered altar of Cheibriados.
     5 | D        | Found a radiant altar of Vehumet.
     5 | D        | Found a shadowy altar of Dithmenos.
     5 | D        | Round 1.
     6 | D        | Found Ynijyerad's Identification Station.
     6 | D        | Found a corrupted altar of Lugonu.
     6 | D        | Found a burning altar of Makhleb.
     7 | D        | Found a sacrificial altar of Ru.
     8 | D        | Found an ornate altar of the Wu Jian Council.
     8 | D        | Found Vyeriuch's Premium Goods.
     8 | D        | Found Ikoorasa's Weapon Rack.
     9 | D        | Found Laecenan's Miscellaneous Merchandise.
     9 | D        | Found Laen Opa's Basic Armour.
    12 | D        | Found a bloodstained altar of Trog.
    13 | D        | Found an ancient bone altar of Kikubaaqudgha.
    14 | D        | Found a shimmering blue altar of Sif Muna.
    15 | D        | Found Dunetz's Do-It-Yourself Clinic.
    15 | D        | Found an opulent altar of Gozag.
    15 | D        | Found a glowing silver altar of Zin.
    15 | D        | Found an iron altar of Okawaru.
    15 | D        | Found Xibruk's Distillery.
    16 | D        | Found Pachay's Bottled Wisdom.
    16 | D        | Found Teittada's Distillery.
    19 | D        | Found a shimmering altar of Xom.
    23 | D        | Became a worshipper of Gozag Ym Sagoz the Greedy
    26 | D        | Found Qalibaiz's Staff Store.
    28 | D        | Found Cetosir's Must-Have Magic.
    28 | D        | Found Seusybag's Magic Scroll Shop.
    34 | D        | Reached skill level 5 in Conjurations
    34 | D        | Reached XP level 2. HP: 4/15 MP: 1/9
    34 | D        | Found a basalt altar of Yredelemnul.
    34 | D        | Found a hide-covered altar of Uskayaw.
    34 | D        | Found Senium's Magic Scroll Shop.
    40 | D        | Reached skill level 5 in Spellcasting
    59 | D        | Reached skill level 6 in Conjurations
    62 | D        | Found Noegukle's Jewellery.
    62 | D        | Found Exunobepi's Advanced Armour.
    70 | D        | Bought a slimy lead amulet for 45 gold pieces
    70 | D        | Identified the amulet of the Enemy {Faith rPois Str+4 SInv}
                  | (You bought it in a shop in the Dungeon)
    70 | D        | Bought an ancient zirconium amulet for 45 gold pieces
    70 | D        | Identified the amulet "Fouggame" {Spirit Str+3} (You bought
                  | it in a shop in the Dungeon)
    70 | D        | Bought a shimmering garnet amulet for 45 gold pieces
    70 | D        | Identified the amulet of Zomothog {Faith Int+2} (You bought
                  | it in a shop in the Dungeon)
    70 | D        | Bought a scorched amethyst amulet for 45 gold pieces
    70 | D        | Identified the amulet of Omyuf {Spirit rF+ Int+4} (You
                  | bought it in a shop in the Dungeon)
    84 | D        | Arena points: 5 (+5) [x1]
    99 | D        | Round 2.
   102 | D        | Got out of the dungeon alive.

Illustrated notes

Levels and vault maps discovered:
D:        arena_sprint

Skill      XL: |  1  2 |
---------------+-------+-----
Spellcasting   | 4 5 |  5.7
Conjurations   | 5 6 |  6.0
Dodging        | |  2.4
Stealth        | |  2.4

Action                     || total
---------------------------++-------
   Cast: Magic Dart        ||     6
  Evoke: Wand              ||     3
